Map: Cactus Valley LE (Void)

Players

NicIV

  • Race: Terran Terran
  • Spawn Location: 5:00

Musumeci - Winner!

  • Race: Zerg Zerg
  • League: Diamond
  • Spawn Location: 1:00

VOD

Have the link to the VOD?

Description

Time

  • Played on: March 16, 2017, 2:06 p.m.
  • Length: 24:51
Show
View Real Time Build Order
Export as new Build Order

NicIV Terran 

Build Orders: Reaper Expand, Bio Tank 

Get SALT Encoding   

  12  0:02  SCV  
  14  0:14  SCV  
  14  0:18  Supply Depot  
  14  0:26  SCV  
  15  0:40  SCV  
  15  0:42  Barracks  
  16  0:47  Refinery  
  16  0:52  SCV  
  17  1:04  SCV  
  18  1:16  SCV  
  19  1:31  Reaper  
  20  1:35  Orbital Command  
  20  1:44  Command Center  
  20  2:02  SCV, Refinery  
  20  2:03  Barracks Reactor, Supply Depot  
  21  2:14  SCV  
  22  2:26  SCV  
  22  2:29  Factory  
  23  2:39  SCV  
  24  2:45  Marine x2  
  24  2:51  Barracks  
  26  2:56  SCV  
  27  3:02  Orbital Command  
  27  3:07  Marine x2  
  27  3:09  SCV  
  30  3:16  Starport  
  30  3:17  Factory Tech Lab  
  30  3:21  SCV  
  30  3:26  Marine  
  30  3:27  Marine  
  32  3:29  SCV  
  34  3:37  SCV  
  34  3:38  Barracks Tech Lab  
  34  3:40  Siege Tank  
  38  3:47  SCV  
  39  3:48  Supply Depot  
  39  3:52  SCV  
  40  3:59  SCV, Marine x2  
  40  4:01  Stimpack  
  40  4:02  Starport Reactor  
  43  4:04  SCV  
  46  4:10  Marauder  
  46  4:13  SCV  
  46  4:16  Supply Depot  
  47  4:17  Marine x2  
  49  4:26  SCV x2  
  49  4:28  Siege Tank  
  54  4:33  Refinery  
  55  4:38  SCV x2  
  55  4:42  Refinery  
  55  4:43  Marine x2  
  55  4:44  Marauder  
  55  4:45  Supply Depot  
  60  4:46  Medivac  
  62  4:54  Engineering Bay  
  62  4:55  Engineering Bay  
  62  5:06  SCV, Marine x3  
  66  5:09  SCV, Supply Depot  
  66  5:11  Siege Tank  
  70  5:30  Marauder, SCV x2, Marine x2, Medivac  
  70  5:34  Supply Depot  
  78  5:37  Terran Infantry Armor Level 1, Terran Infantry Weapons Level 1  
  78  5:50  Supply Depot  
  78  5:55  Marine x2, Medivac  
  78  5:56  Marauder, SCV x2  
  86  5:57  Supply Depot  
  86  6:08  SCV  
  86  6:10  SCV  
  84  6:13  Marine  
  84  6:14  Marine  
  84  6:16  Medivac  
  84  6:17  Marauder  
  83  6:20  SCV  
  84  6:25  Medivac  
  84  6:31  Marine  
  87  6:35  Command Center  
  86  6:43  Armory  
  86  6:44  Marine x2, Combat Shields  
  86  6:52  Factory  
  86  6:53  Barracks  
  81  6:55  Liberator  
  81  7:00  SCV x2  
  74  7:02  Marauder  
  74  7:03  Supply Depot  
  74  7:04  Supply Depot  
  76  7:09  Marine x2  
  76  7:12  SCV x2  
  76  7:13  Medivac  
  85  7:24  SCV x2  
  87  7:34  Marine x2, Siege Tank  
  87  7:35  Marauder  
  87  7:36  SCV x2  
  96  7:41  Factory Tech Lab  
  88  7:47  Terran Infantry Weapons Level 2  
  88  7:48  Orbital Command  
  88  7:57  SCV x2, Supply Depot  
  88  7:58  Supply Depot  
  90  8:00  Supply Depot  
  90  8:05  Barracks Reactor  
  90  8:06  Siege Tank  
  90  8:11  Barracks  
  90  8:12  SCV x2, Marine x2  
  96  8:13  Marauder, Barracks  
  99  8:20  Siege Tank  
  99  8:23  Liberator  
  102  8:32  Refinery  
  99  8:34  Refinery  
  99  8:37  Marine  
  99  8:38  Marauder, Marine  
  99  8:39  SCV x3  
  108  8:41  Marine x2  
  108  8:45  Supply Depot  
  108  8:48  Supply Depot  
  110  8:51  SCV x2  
  110  8:55  SCV  
  113  8:58  Terran Infantry Armor Level 2  
  113  9:00  Marauder  
  113  9:01  Barracks Reactor  
  113  9:02  Barracks Tech Lab  
  114  9:03  Terran Vehicle Weapons Level 1, SCV  
  114  9:04  SCV  
  114  9:07  SCV, Marine  
  114  9:08  Marine x2  
  107  9:17  Marine  
  107  9:21  Marauder  
  106  9:25  Marine  
  106  9:26  Marauder, Marine x2  
  106  9:27  SCV x2  
  106  9:30  Concussive Shells  
  112  9:32  SCV  
  112  9:35  Marine  
  114  9:39  SCV  
  114  9:42  Marauder  
  114  9:46  Marine x2  
  114  9:48  Marauder  
  114  9:49  SCV x2  
  114  9:52  Marine x2  
  109  9:58  Marine  
  109  9:59  Marine  
  105  10:03  SCV, Siege Tank x2  
  105  10:04  Marauder, SCV x2, Marine  
  117  10:09  Marauder  
  117  10:14  Barracks x2  
  119  10:16  Terran Infantry Weapons Level 3  
  119  10:17  Marine  
  120  10:24  Command Center  
  120  10:25  Marauder  
  120  10:27  Marine x5  
  127  10:29  SCV  
  127  10:31  Marauder  
  127  10:35  Marine  
  130  10:41  SCV x2  
  133  10:46  Marine x2  
  133  10:47  Marauder  
  133  10:49  Marine x2  
  128  10:50  SCV  
  128  10:52  Marauder  
  128  10:53  SCV, Marine x2  
  128  10:54  SCV  
  133  11:02  SCV  
  132  11:05  Marine x2  
  132  11:07  Marine  
  132  11:08  Marauder  
  132  11:09  Medivac x2  
  132  11:10  Marine x2  
  132  11:11  Marine  
  139  11:13  Marauder  
  139  11:15  Barracks Tech Lab x2  
  141  11:20  SCV  
  141  11:21  SCV x2  
  141  11:23  Marine x2  
  141  11:24  Factory, Barracks, Marine, Terran Infantry Armor Level 3  
  147  11:29  Marauder  
  149  11:35  SCV  
  148  11:45  Marauder, Marine x6  
  148  11:46  Marauder x2  
  142  11:51  Marauder  
  133  11:54  Siege Tank  
  126  12:02  Marine x2  
  126  12:03  Marine x2  
  126  12:04  Marine  
  126  12:05  Siege Tank  
  126  12:06  SCV x3  
  126  12:07  Marauder x2  
  140  12:10  Orbital Command  
  137  12:27  Marauder, Marine x4  
  137  12:28  Marauder x2  
  137  12:29  Marine x2  
  150  12:30  Marauder  
  147  12:37  SCV x2  
  135  12:44  Marine  
  135  12:45  Marine  
  135  12:46  Barracks Tech Lab  
  135  12:49  Marauder, Factory Tech Lab  
  135  12:52  Medivac x2  
  135  12:56  Supply Depot  
  137  12:58  Marine  
  137  12:59  Marauder, Marine x3  
  137  13:00  Marauder x2  
  137  13:02  Marine  
  148  13:17  SCV x2  
  148  13:19  Marine x3  
  152  13:20  Marauder, Marine  
  152  13:21  Marauder  
  152  13:22  Medivac x2, Siege Tank x2  
  152  13:26  Marine x3  
  173  13:27  Marauder  
  173  13:32  SCV x2  
  175  13:37  Marine x3  
  175  13:38  Refinery x2  
  178  13:41  Marauder  
  179  13:58  Marauder x2, Marine x6  
  179  13:59  Marauder  
  179  14:00  Siege Tank x2  
  177  14:03  Marauder  
  174  14:15  Marine  
  173  14:20  Marauder x2  
  173  14:22  Medivac x2  
  165  14:38  Marine x5  
  152  14:39  Marauder x2, Marine  
  152  14:41  Marauder x2  
  146  14:56  Marine x3  
  146  14:58  Medivac x2, Fusion Core  
  153  15:00  Marauder x2  
  153  15:02  Marauder  
  158  15:21  Command Center  
  158  15:25  Marine x3  
  158  15:26  Marauder x2  
  148  15:33  Marine x3  
  148  15:34  Marauder x2  
  144  15:43  Marine x3  
  144  15:47  Marauder  
  144  15:48  Marauder  
  150  15:51  Marine, Command Center  
  127  16:11  Marine  
  127  16:12  Marauder x2, Marine x4  
  131  16:24  Medivac x2  
  131  16:48  Marine x2  
  131  16:49  Marauder x3, Marine  
  140  17:16  Marauder, Marine x4  
  140  17:17  Marauder  
  139  17:31  Marine  
  139  17:32  Marauder, Marine x2  
  144  17:46  Orbital Command  
  135  18:02  Marine  
  135  18:03  Marauder x2, Marine x4  
  135  18:04  Marauder x2  
  145  18:14  Marine  
  142  18:20  Marine  
  142  18:25  Marauder x3  
  149  18:30  Marauder, Marine x3  
  153  18:40  Medivac  
  153  18:41  Medivac  
  157  18:46  Marauder x3  
  157  18:47  Marine x4  
  164  18:52  Marauder  
  164  18:56  SCV x3, Command Center  
  164  18:57  Marine x2  
  167  19:07  Marauder  
  160  19:29  Marine x4  
  160  19:30  Marauder x4, Marine x2  
  160  19:35  Medivac  
  136  19:41  Medivac  
  134  19:48  Refinery  
  134  19:57  Marine x3  
  137  20:13  Marine x4  
  137  20:14  Marauder  
  124  20:28  Marauder, Marine x3  
  118  20:29  Marauder  
  118  20:31  Marine  
  118  20:32  Marauder  
  118  20:33  Orbital Command  
  118  20:35  Marine  
  124  20:36  Marine  
  125  20:57  Marine x2  
  125  20:58  Marauder x2  
  126  21:06  Marine  
  126  21:07  Marauder x2, Marine x3  
  134  21:15  Marine x2  
  134  21:16  SCV x2  
  137  21:19  Marauder x2  
  137  21:24  Marine  
  142  21:26  Marine x3  
  142  21:29  Marauder x2  
  144  21:45  Marine  
  144  21:46  Marauder x2, Marine x2  
  144  21:50  Marauder  
  146  21:56  Orbital Command  
  135  22:15  Marine  
  135  22:16  Marauder, Marine x3  
  125  22:27  SCV x2  
  113  22:40  SCV x2  
  113  22:42  Marine  
  116  22:50  Marine  
  115  22:55  SCV  
  116  23:12  SCV x2  
  118  23:24  SCV x2  
  118  23:25  Marauder, SCV, Marine x3  
  126  23:38  SCV  
  122  23:54  Medivac x2  
  117  24:13  Command Center  
Show
View Real Time Build Order
Export as new Build Order

Musumeci Zerg - Winner!

Build Orders: Pool First 

Get SALT Encoding   

  12  0:01  Drone  
  13  0:10  Drone  
  14  0:16  Drone, Extractor  
  15  0:35  Spawning Pool  
  15  0:42  Drone, Extractor  
  15  1:01  Hatchery  
  14  1:20  Drone, Extractor  
  14  1:21  Extractor  
  14  1:22  Drone  
  16  1:28  Overlord  
  16  1:47  Queen  
  16  1:51  Drone x2  
  20  2:00  Drone  
  21  2:06  Drone  
  22  2:12  Queen  
  22  2:14  Extractor  
  23  2:19  Drone x2  
  23  2:22  Queen  
  25  2:24  Overlord  
  28  2:38  Drone, Extractor  
  28  2:42  Drone x2  
  28  2:43  Extractor  
  30  2:48  Queen, Drone  
  30  2:49  Drone  
  34  3:01  Drone  
  34  3:03  Overlord  
  36  3:07  Drone  
  36  3:25  Drone x8  
  44  3:34  Hatchery  
  43  3:43  Extractor  
  43  3:44  Extractor  
  43  3:46  Roach Warren  
  40  4:02  Drone x4  
  44  4:10  Evolution Chamber  
  44  4:12  Evolution Chamber  
  44  4:14  Drone  
  44  4:15  Drone  
  44  4:32  Overlord  
  44  4:33  Overlord  
  44  4:34  Overlord  
  44  4:42  Lair  
  44  4:46  Drone x2, Extractor  
  44  4:47  Drone x2  
  44  4:51  Drone x3, Extractor  
  51  4:52  Roach  
  51  4:53  Roach x3  
  51  4:59  Roach x2  
  61  5:15  Roach x3  
  67  5:24  Overlord x2  
  67  5:25  Overlord  
  67  5:44  Roach x7  
  67  5:49  Glial Reconstitution  
  81  6:04  Ravager x2  
  83  6:11  Roach x4  
  61  6:20  Roach x4  
  69  6:28  Roach x3  
  75  6:37  Roach x4  
  85  6:40  Roach x3  
  83  7:01  Drone x7  
  85  7:02  Overlord x3  
  85  7:03  Overlord  
  90  7:29  Evolution Chamber  
  89  7:31  Evolution Chamber, Spore Crawler  
  89  7:32  Spore Crawler  
  89  7:35  Spore Crawler  
  85  7:42  Drone, Spore Crawler x3  
  85  7:43  Drone x19  
  102  7:46  Extractor  
  101  7:57  Ravager x2  
  101  7:58  Ravager  
  104  7:59  Ravager  
  104  8:00  Ravager  
  104  8:01  Ravager x3  
  104  8:02  Ravager  
  110  8:10  Drone x2, Extractor  
  110  8:11  Drone  
  112  8:14  Drone x3  
  112  8:19  Drone  
  116  8:20  Zerg Ground Armor Level 1, Zerg Missile Weapons Level 1  
  116  8:37  Overlord x4  
  116  8:38  Overlord x4  
  116  9:01  Extractor  
  116  9:02  Hatchery  
  114  9:05  Extractor  
  113  9:16  Roach  
  113  9:17  Roach x17  
  127  9:24  Ravager  
  127  9:27  Ravager  
  127  9:29  Ravager  
  130  9:37  Drone x3  
  130  9:38  Drone x3  
  127  9:51  Roach  
  127  9:52  Roach x6  
  130  9:57  Ravager x9  
  130  9:58  Ravager x3  
  142  10:09  Drone x2  
  142  10:10  Drone  
  145  10:17  Zerg Missile Weapons Level 2  
  145  10:19  Zerg Ground Armor Level 2  
  145  10:25  Infestation Pit  
  113  11:11  Roach x9, Ravager  
  116  11:12  Roach x12  
  151  11:43  Roach  
  151  11:44  Roach x8  
  149  12:00  Roach  
  149  12:01  Roach x6  
  145  12:04  Ravager x10  
  155  12:18  Roach x8  
  155  12:19  Roach  
  158  12:31  Ravager x2  
  158  12:34  Roach x4  
  155  13:01  Hive  
  155  13:11  Roach  
  155  13:12  Roach x11  
  179  13:32  Overlord x4, Ravager x3  
  183  13:34  Ravager x9  
  183  13:35  Ravager  
  192  13:48  Extractor  
  180  13:50  Hatchery  
  180  13:51  Extractor  
  170  14:07  Roach x12  
  170  14:08  Roach  
  170  14:09  Ravager x4  
  178  14:36  Roach x13  
  178  14:37  Roach x8  
  194  14:44  Zerg Missile Weapons Level 3, Zerg Ground Armor Level 3  
  186  14:48  Drone x2  
  186  14:50  Ravager x2  
  186  14:51  Ravager  
  153  15:52  Roach x10  
  153  15:53  Roach x2  
  153  15:54  Ravager x12  
  153  15:56  Roach x3  
  153  15:57  Roach x2  
  148  16:15  Roach x17  
  148  16:16  Roach x4  
  169  16:21  Ravager  
  169  16:22  Ravager x8  
  178  16:31  Ravager x3  
  179  16:41  Roach x11  
  195  17:33  Hatchery  
  195  17:34  Roach  
  195  17:35  Roach x2  
  200  17:57  Ravager x3  
  200  17:58  Ravager  
  193  18:18  Queen  
  193  18:21  Spore Crawler  
  193  18:24  Queen  
  193  18:47  Spore Crawler  
  191  18:48  Spore Crawler  
  188  19:01  Roach x6  
  188  19:02  Roach  
  173  20:07  Hatchery  
  173  20:08  Extractor  
  163  20:20  Hatchery  
  145  20:24  Extractor  
  142  20:31  Extractor  
  142  20:35  Drone x3  
  144  20:37  Drone x14  
  128  22:00  Drone x15  
  128  22:01  Spore Crawler  
  142  22:06  Spore Crawler  
  142  22:07  Spore Crawler  
  137  22:16  Drone x7, Spore Crawler  
  137  22:20  Spore Crawler  
  127  22:29  Queen  
  108  22:39  Roach Warren  
  104  23:00  Spore Crawler  
  104  23:01  Drone x6  
  104  23:05  Queen, Extractor  
  108  23:07  Spine Crawler  
  108  23:08  Spine Crawler  
  108  23:19  Roach  
  118  23:20  Roach x5  
  118  23:22  Roach x2  
  118  23:25  Roach  
  119  23:55  Ravager  
  119  23:56  Ravager  
  119  23:58  Ravager  
  119  24:00  Ravager x7  
  119  24:02  Ravager  
  129  24:03  Roach, Ravager x6  
  129  24:04  Roach x9  
  155  24:18  Hatchery  
  155  24:22  Extractor  
  153  24:26  Hatchery  
  153  24:28  Roach x6  
Tags
 
Add a new tag
Caveats
  • Supply blocks, unpowered buildings, or Contaminate may cause inaccurate times.
  • Supply counts are checked every 10 seconds.